% Time on Ice - RENO LIONS
Lines # - Real PCT - Wanted PCT - Time Play
Normal Forward
1 - 41% - 40% - 17:19
2 - 31% - 30% - 12:59
3 - 20% - 20% - 8:37
4 - 8% - 10% - 3:29
Normal Defense
1 - 36% - 36% - 15:09
2 - 36% - 31% - 15:22
3 - 25% - 23% - 10:41
4 - 3% - 10% - 1:12
PP Forward
1 - 44% - 70% - 3:25
2 - 56% - 30% - 4:16
PP Defense
1 - 59% - 60% - 4:33
2 - 41% - 40% - 3:08
PK Forward
1 - 60% - 55% - 4:47
2 - 40% - 45% - 3:09
PK Defense
1 - 49% - 55% - 3:54
2 - 51% - 45% - 4:02
PK3 Forward
1 - 0% - 55%
2 - 0% - 45%
PK3 Defense
1 - 0% - 55%
2 - 0% - 45%
44 Forward
1 - 55% - 55% - 1:06
2 - 45% - 45% - 0:53
44 Defense
1 - 54% - 55% - 1:04
2 - 46% - 45% - 0:55
Last Minute Offensive  - 0:00
Last Minute Defensive  - 0:00
Total
Forward - 60:00
Defense - 60:00
% Time on Ice - SASKATOON DUCKS
Lines # - Real PCT - Wanted PCT - Time Play
Normal Forward
1 - 33% - 36% - 13:50
2 - 30% - 34% - 12:37
3 - 20% - 24% - 8:34
4 - 17% - 6% - 7:23
Normal Defense
1 - 44% - 44% - 18:46
2 - 28% - 32% - 12:02
3 - 26% - 24% - 10:49
4 - 2% - 0% - 0:47
PP Forward
1 - 54% - 55% - 4:19
2 - 46% - 45% - 3:37
PP Defense
1 - 53% - 55% - 4:12
2 - 47% - 45% - 3:44
PK Forward
1 - 64% - 55% - 4:57
2 - 36% - 45% - 2:44
PK Defense
1 - 48% - 55% - 3:42
2 - 52% - 45% - 3:59
PK3 Forward
1 - 0% - 55%
2 - 0% - 45%
PK3 Defense
1 - 0% - 55%
2 - 0% - 45%
44 Forward
1 - 100% - 55% - 1:59
2 - 0% - 45% - 0:00
44 Defense
1 - 29% - 55% - 0:35
2 - 71% - 45% - 1:24
Last Minute Offensive  - 0:00
Last Minute Defensive  - 0:00
Total
Forward - 60:00
Defense - 60:00
Play-by-Play 1st period 0:01 of 1st period - Sidney Crosby wins face-off versus Steven Stamkos in neutral zone. 0:48 of 1st period - Steven Stamkos is hit by Ryan McDonagh and loses puck. 1:49 of 1st period - Shot by Claude Giroux. 1:49 of 1st period - Deflect By Artemi Panarin. 1:49 of 1st period - Stopped by Elvis Merzlikins with a rebound. 1:51 of 1st period - Shot by Claude Giroux. 1:51 of 1st period - Stopped by Elvis Merzlikins with a rebound. 1:53 of 1st period - Shot by Jaycob Megna. 1:53 of 1st period - Shot Misses the Net. 1:55 of 1st period - Shot by Jaycob Megna. 1:55 of 1st period - Stopped by Elvis Merzlikins with a rebound. 4:03 of 1st period - Shot by Elias Pettersson. 4:03 of 1st period - Deflect By Steven Stamkos. 4:03 of 1st period - Shot Blocked by Ryan McDonagh. 4:05 of 1st period - Shot by Ethan Bear. 4:05 of 1st period - Shot Misses the Net. 4:07 of 1st period - Shot by Kirill Kaprizov. 4:07 of 1st period - Stopped by Karel Vejmelka without a rebound. 4:08 of 1st period - Claude Giroux wins face-off versus Steven Stamkos in SASKATOON DUCKS zone. 4:08 of 1st period - Claude Giroux is hit by Steven Stamkos. 5:31 of 1st period - Shot by Derek Grant. 5:31 of 1st period - Shot Misses the Net. 5:33 of 1st period - Shot by Nikita Zadorov. 5:33 of 1st period - Shot Misses the Net. 5:35 of 1st period - Shot by Nikita Zadorov. 5:35 of 1st period - Shot Misses the Net. 6:10 of 1st period - Shot by Pierre-Luc Dubois. 6:10 of 1st period - Stopped by Karel Vejmelka with a rebound. 6:12 of 1st period - Shot by Pierre-Luc Dubois. 6:12 of 1st period - Stopped by Karel Vejmelka without a rebound. 6:13 of 1st period - Patrick Brown wins face-off versus Ryan Strome in SASKATOON DUCKS zone. 6:30 of 1st period - Shot by Ryan Strome. 6:30 of 1st period - Stopped by Elvis Merzlikins without a rebound. 6:31 of 1st period - Claude Giroux wins face-off versus Pierre-Luc Dubois in RENO LIONS zone. 6:41 of 1st period - Claude Giroux is hit by Mattias Samuelsson and loses puck. 7:07 of 1st period - Shot by Claude Giroux. 7:07 of 1st period - Shot Misses the Net. 7:09 of 1st period - Shot by William Nylander. 7:09 of 1st period - Shot Misses the Net. 7:11 of 1st period - Shot by Artemi Panarin. 7:11 of 1st period - Shot Misses the Net. 7:15 of 1st period - Shot by Claude Giroux. 7:15 of 1st period - Stopped by Elvis Merzlikins without a rebound. 7:16 of 1st period - Elias Pettersson wins face-off versus Bryan Rust in RENO LIONS zone. 7:18 of 1st period - Minor Penalty to Mathieu Joseph for High sticking. 7:19 of 1st period - Claude Giroux wins face-off versus Steven Stamkos in SASKATOON DUCKS zone. 9:15 of 1st period - Shot by Elias Pettersson. 9:15 of 1st period - Shot Misses the Net. 9:37 of 1st period - Shot by Bryan Rust. 9:37 of 1st period - Shot Misses the Net. 9:51 of 1st period - Shot by Ryan Strome. 9:51 of 1st period - Stopped by Elvis Merzlikins with a rebound. 9:53 of 1st period - Shot by Mathieu Joseph. 9:53 of 1st period - Shot Misses the Net. 10:37 of 1st period - Shot by Kailer Yamamoto. 10:37 of 1st period - Shot Blocked by Ethan Bear. 11:02 of 1st period - Icing by Robert Hagg. 11:03 of 1st period - Andreas Johnsson wins face-off versus Ryan Strome in RENO LIONS zone. 11:15 of 1st period - Mathieu Joseph is hit by Kirill Kaprizov and loses puck. 11:35 of 1st period - Shot by Elias Pettersson. 11:35 of 1st period - Goal by Elias Pettersson - RENO LIONS : 1 - SASKATOON DUCKS : 0. 11:36 of 1st period - Claude Giroux wins face-off versus Pierre-Luc Dubois in neutral zone. 11:55 of 1st period - Shot by Claude Giroux. 11:55 of 1st period - Shot Misses the Net. 11:57 of 1st period - Shot by William Nylander. 11:57 of 1st period - Deflect By Artemi Panarin. 11:57 of 1st period - Shot Misses the Net. 12:28 of 1st period - Minor Penalty to Nikita Zadorov for Holding. 12:29 of 1st period - Patrick Brown wins face-off versus Sidney Crosby in RENO LIONS zone. 12:40 of 1st period - Shot by Sidney Crosby. 12:40 of 1st period - Stopped by Elvis Merzlikins without a rebound. 12:41 of 1st period - Patrick Brown wins face-off versus Sidney Crosby in RENO LIONS zone. 12:47 of 1st period - Icing by Sidney Crosby. 12:48 of 1st period - Sidney Crosby wins face-off versus Patrick Brown in SASKATOON DUCKS zone. 16:49 of 1st period - Shot by Ilya Mikheyev. 16:49 of 1st period - Stopped by Karel Vejmelka without a rebound. 16:50 of 1st period - Claude Giroux wins face-off versus Vincent Hinostroza in SASKATOON DUCKS zone. 17:01 of 1st period - Shot by William Nylander. 17:01 of 1st period - Shot Misses the Net. 17:03 of 1st period - Shot by William Nylander. 17:03 of 1st period - Shot Misses the Net. 17:05 of 1st period - Shot by William Nylander. 17:05 of 1st period - Stopped by Elvis Merzlikins with a rebound. 17:07 of 1st period - Shot by Artemi Panarin. 17:07 of 1st period - Shot Blocked by Robert Hagg. 17:09 of 1st period - Shot by William Nylander. 17:09 of 1st period - Stopped by Elvis Merzlikins without a rebound. 17:10 of 1st period - Derek Grant wins face-off versus Derick Brassard in RENO LIONS zone. 17:16 of 1st period - Oliver Ekman-Larsson is hit by Kailer Yamamoto and loses puck. 17:51 of 1st period - Off-side. 17:52 of 1st period - Sidney Crosby wins face-off versus Pierre-Luc Dubois in neutral zone. 18:07 of 1st period - Shot by Jake Guentzel. 18:07 of 1st period - Shot Misses the Net. 18:20 of 1st period - Pierre-Luc Dubois is hit by Chris Wideman and loses puck. 19:14 of 1st period - Icing by Kevin Shattenkirk. 19:15 of 1st period - Claude Giroux wins face-off versus Patrick Brown in SASKATOON DUCKS zone. Goals for this period are 1 for RENO LIONS vs 0 for SASKATOON DUCKS. Shots for this period are 5 for RENO LIONS vs 9 for SASKATOON DUCKS. 2nd period 0:01 of 2nd period - Sidney Crosby wins face-off versus Steven Stamkos in neutral zone. 0:01 of 2nd period - Sidney Crosby is hit by Elias Pettersson. 0:32 of 2nd period - Minor Penalty to Samuel Girard for Hooking. 0:33 of 2nd period - Claude Giroux wins face-off versus Pierre-Luc Dubois in SASKATOON DUCKS zone. 0:41 of 2nd period - Icing by Ilya Mikheyev. 0:42 of 2nd period - Claude Giroux wins face-off versus Pierre-Luc Dubois in RENO LIONS zone. 1:21 of 2nd period - Shot by Cam Atkinson. 1:21 of 2nd period - Goal by Cam Atkinson - RENO LIONS : 2 - SASKATOON DUCKS : 0. 1:22 of 2nd period - Steven Stamkos wins face-off versus Ryan Strome in neutral zone. 1:25 of 2nd period - Shot by Kirill Kaprizov. 1:25 of 2nd period - Stopped by Karel Vejmelka without a rebound. 1:26 of 2nd period - Ryan Strome wins face-off versus Steven Stamkos in SASKATOON DUCKS zone. 1:26 of 2nd period - Ryan Strome is hit by Steven Stamkos. 1:36 of 2nd period - Shot by Steven Stamkos. 1:36 of 2nd period - Stopped by Karel Vejmelka with a rebound. 2:04 of 2nd period - Shot by Steven Stamkos. 2:04 of 2nd period - Shot Misses the Net. 2:06 of 2nd period - Shot by Kirill Kaprizov. 2:06 of 2nd period - Goal by Kirill Kaprizov - RENO LIONS : 3 - SASKATOON DUCKS : 0. 2:07 of 2nd period - Pierre-Luc Dubois wins face-off versus Artemi Panarin in neutral zone. 2:12 of 2nd period - William Nylander is hit by Ilya Mikheyev and loses puck. 2:23 of 2nd period - Shot by William Nylander. 2:23 of 2nd period - Goal by William Nylander - RENO LIONS : 3 - SASKATOON DUCKS : 1. 2:24 of 2nd period - Trevor Lewis wins face-off versus Sidney Crosby in neutral zone. 2:43 of 2nd period - Shot by Andreas Johnsson. 2:43 of 2nd period - Shot Misses the Net. 3:27 of 2nd period - Shot by Elias Pettersson. 3:27 of 2nd period - Stopped by Karel Vejmelka without a rebound. 3:28 of 2nd period - Mathieu Joseph wins face-off versus Elias Pettersson in SASKATOON DUCKS zone. 3:42 of 2nd period - Steven Stamkos is hit by Mathieu Joseph and loses puck. 3:47 of 2nd period - Shot by Steven Stamkos. 3:47 of 2nd period - Stopped by Karel Vejmelka without a rebound. 3:48 of 2nd period - Claude Giroux wins face-off versus Pierre-Luc Dubois in SASKATOON DUCKS zone. 4:11 of 2nd period - Shot by Claude Giroux. 4:11 of 2nd period - Stopped by Elvis Merzlikins without a rebound. 4:12 of 2nd period - Sidney Crosby wins face-off versus Elias Pettersson in RENO LIONS zone. 4:23 of 2nd period - Kevin Shattenkirk is hit by Kirill Kaprizov and loses puck. 4:33 of 2nd period - Icing by Jake Guentzel. 4:34 of 2nd period - Pierre-Luc Dubois wins face-off versus Sidney Crosby in SASKATOON DUCKS zone. 5:00 of 2nd period - Off-side. 5:01 of 2nd period - Steven Stamkos wins face-off versus Claude Giroux in neutral zone. 5:32 of 2nd period - Shot by Claude Giroux. 5:32 of 2nd period - Shot Misses the Net. 5:42 of 2nd period - William Nylander is hit by Kirill Kaprizov and loses puck. 5:50 of 2nd period - Icing by Artemi Panarin. 5:51 of 2nd period - Pierre-Luc Dubois wins face-off versus Claude Giroux in SASKATOON DUCKS zone. 6:20 of 2nd period - Shot by Pierre-Luc Dubois. 6:20 of 2nd period - Shot Blocked by Samuel Girard. 6:22 of 2nd period - Shot by Ilya Mikheyev. 6:22 of 2nd period - Shot Blocked by Ryan McDonagh. 6:40 of 2nd period - Ilya Mikheyev is hit by Jake Guentzel and loses puck. 7:31 of 2nd period - Minor Penalty to Ryan Strome for Interference. 7:32 of 2nd period - Steven Stamkos wins face-off versus Claude Giroux in SASKATOON DUCKS zone. 8:07 of 2nd period - Steven Stamkos is hit by Claude Giroux and loses puck. 9:37 of 2nd period - Ryan Strome is hit by Trevor Lewis and loses puck. 9:41 of 2nd period - Minor Penalty to William Borgen for Tripping. 9:42 of 2nd period - Claude Giroux wins face-off versus Steven Stamkos in SASKATOON DUCKS zone. 10:44 of 2nd period - Shot by Pierre-Luc Dubois. 10:44 of 2nd period - Deflect By Cam Atkinson. 10:44 of 2nd period - Stopped by Karel Vejmelka without a rebound. 10:45 of 2nd period - Steven Stamkos wins face-off versus Jake Guentzel in SASKATOON DUCKS zone. 10:52 of 2nd period - Shot by Kirill Kaprizov. 10:52 of 2nd period - Stopped by Karel Vejmelka without a rebound. 10:53 of 2nd period - Steven Stamkos wins face-off versus Jake Guentzel in SASKATOON DUCKS zone. 11:04 of 2nd period - Shot by Elias Pettersson. 11:04 of 2nd period - Shot Blocked by Jake Guentzel. 11:06 of 2nd period - Shot by Elias Pettersson. 11:06 of 2nd period - Goal by Elias Pettersson - RENO LIONS : 4 - SASKATOON DUCKS : 1. 11:06 of 2nd period - Tristan Jarry enters game. 11:07 of 2nd period - Derek Grant wins face-off versus Ryan Strome in neutral zone. 11:15 of 2nd period - Shot by Derek Grant. 11:15 of 2nd period - Stopped by Tristan Jarry without a rebound. 11:16 of 2nd period - Patrick Brown wins face-off versus Ryan Strome in SASKATOON DUCKS zone. 11:53 of 2nd period - Shot by Vincent Hinostroza. 11:53 of 2nd period - Stopped by Tristan Jarry without a rebound. 11:54 of 2nd period - Claude Giroux wins face-off versus Kirill Kaprizov in SASKATOON DUCKS zone. 12:03 of 2nd period - Jaycob Megna is hit by Kirill Kaprizov and loses puck. 12:10 of 2nd period - Shot by Steven Stamkos. 12:10 of 2nd period - Stopped by Tristan Jarry with a rebound. 12:26 of 2nd period - Shot by Elias Pettersson. 12:26 of 2nd period - Shot Blocked by Jaycob Megna. 12:28 of 2nd period - Shot by Oliver Ekman-Larsson. 12:28 of 2nd period - Shot Misses the Net. 12:30 of 2nd period - Shot by Steven Stamkos. 12:30 of 2nd period - Shot Misses the Net. 12:32 of 2nd period - Shot by Kirill Kaprizov. 12:32 of 2nd period - Stopped by Tristan Jarry without a rebound. 12:33 of 2nd period - Sidney Crosby wins face-off versus Pierre-Luc Dubois in SASKATOON DUCKS zone. 12:38 of 2nd period - Shot by Sidney Crosby. 12:38 of 2nd period - Goal by Sidney Crosby - RENO LIONS : 4 - SASKATOON DUCKS : 2. 12:39 of 2nd period - Pierre-Luc Dubois wins face-off versus Sidney Crosby in neutral zone. 12:58 of 2nd period - Jake Guentzel is hit by Pierre-Luc Dubois. 13:18 of 2nd period - Pierre-Luc Dubois is hit by Sidney Crosby and loses puck. 13:31 of 2nd period - Cam Atkinson is hit by Anthony Duclair and loses puck. 14:11 of 2nd period - Steven Stamkos is hit by Kevin Shattenkirk and loses puck. 14:16 of 2nd period - Shot by Steven Stamkos. 14: